 Dungeon Crawl Stone Soup version 0.23-a0-79-gaa8cc03 (webtiles) character file.

207 Amnesiac the Gusty (level 5, -7/35 HPs)
             Began as a Mummy Air Elementalist on Aug 11, 2018.
             Killed from afar by an orc wizard (8 damage)
             ... with a magic dart
             ... on level 4 of the Dungeon.
             The game lasted 00:07:18 (2277 turns).

Amnesiac the Gusty (Mummy Air Elementalist)         Turns: 2277, Time: 00:07:19

Health: -7/35      AC:  3    Str: 11    XL:     5   Next: 54%
Magic:  1/10       EV: 12    Int: 16    God:
Gold:   173        SH:  0    Dex: 12    Spells: 4/10 levels left

rFire    x . .     SeeInvis +   (no weapon)
rCold    + . .     Gourm    .   (no shield)
rNeg     + + +     Faith    .   a - +0 robe
rPois    ∞         Spirit   .   (no helmet)
rElec    .         Reflect  .   e - +0 cloak
rCorr    .         Harm     .   (no gloves)
MR       .....                  (no boots)
Stlth    ++........             (no amulet)
HPRegen  0.11/turn              c - ring of see invisible
MPRegen  0.12/turn              (no ring)

@: no status effects
A: no food or potions, fire vulnerability, cold resistance 1, negative energy
resistance 3, torment resistance, unbreathing
a: no special abilities


You were on level 4 of the Dungeon.
You were not hungry.

You visited 1 branch of the dungeon, and saw 4 of its levels.

You collected 173 gold pieces.

Inventory:

Armour
 a - a +0 robe (worn)
 e - a +0 cloak (worn)
Jewellery
 c - a ring of see invisible (left hand)
Wands
 h - a wand of acid (8)
Scrolls
 d - a scroll of magic mapping {!r}
 f - 4 scrolls of remove curse {!r}


   Skills:
 - Level 1.5 Dodging
 - Level 1.5 Stealth
 + Level 3.4 Spellcasting
 * Level 3.4 Conjurations
 * Level 3.5 Air Magic


You had 4 spell levels left.
You knew the following spells:

 Your Spells              Type           Power        Failure   Level  Hunger
a - Shock                 Conj/Air       ##..         4%          1    N/A
b - Static Discharge      Conj/Air       ##......     13%         3    N/A
v - Blink                 Tloc           N/A          26%         2    N/A

Your spell library contained the following spells:

 Spells                   Type           Power        Failure   Level  Hunger
 Magic Dart               Conj           ##..         4%          1    N/A
 Conjure Flame            Conj/Fire      #.......     26%         3    N/A
 Lightning Bolt           Conj/Air       ##........   75%         5    N/A
 Slow                     Hex            #.......     26%         2    N/A
 Mephitic Cloud           Conj/Pois/Air  ##......     21%         3    N/A
 Call Imp                 Summ           #.......     26%         2    N/A
 Swiftness                Chrm/Air       #.......     13%         2    N/A
 Airstrike                Air            ##........   38%         4    N/A

Dungeon Overview and Level Annotations

Branches:
Dungeon (4/15)
 Temple: D:4-7

Altars:
Ashenzari
Makhleb
Okawaru

Annotations:
D:3 exclusion: door


Innate Abilities, Weirdness & Mutations

You do not eat or drink.
Your flesh is vulnerable to fire.
You are immune to poison.
Your flesh is cold resistant. (rC+)
You are immune to negative energy. (rN+++)
You are immune to unholy pain and torment.
You can survive without breathing.


Message History

The orc wizard closely misses you.
Unknown command.
Casting: Shock (safe; 4% risk of failure)
Confirm with . or Enter, or press ? or * to list all spells.
Aiming: Shock (safe; 4% risk of failure)
Press: ? - help, Shift-Dir - straight line The zap misses the orc wizard.
The zap hits the orc wizard.
The orc wizard is moderately wounded.
The orc wizard casts a spell at you. The magic dart hits you!
Unknown command.
Casting: Shock (safe; 4% risk of failure)
Confirm with . or Enter, or press ? or * to list all spells.
Aiming: Shock (safe; 4% risk of failure)
Press: ? - help, Shift-Dir - straight line The zap misses the orc wizard. x2; The orc wizard barely misses you.
The orc wizard points at you and mumbles some strange words.
The magic dart hits you!
Unknown command.
Casting: Shock (safe; 4% risk of failure)
Confirm with . or Enter, or press ? or * to list all spells.
Aiming: Shock (safe; 4% risk of failure)
Press: ? - help, Shift-Dir - straight line The zap hits the orc wizard.
The orc wizard is heavily wounded.
The zap misses the orc wizard.
The orc wizard mumbles some strange words.
The orc wizard blinks!
Unknown command.
Really read
b - a scroll labeled WEACENG TEX QAA {!r}?
As you read the scroll labeled WEACENG TEX QAA {!r}, it crumbles to dust.
It is a scroll of identify.
d - a scroll of magic mapping {!r} The orc priest calls upon Beogh to heal the orc wizard.
The orc wizard is healed somewhat.
Really read
g - a scroll labeled VOBOOTISUMN {!r}?
As you read the scroll labeled VOBOOTISUMN {!r}, it crumbles to dust.
The creatures around you are filled with an inner flame!
It was a scroll of immolation {!r}.
Casting: Shock (safe; 4% risk of failure)
Confirm with . or Enter, or press ? or * to list all spells.
Aiming: Shock (safe; 4% risk of failure)
Press: ? - help, Shift-Dir - straight line The zap hits the orc wizard.
The orc wizard is moderately wounded.
The zap hits the orc priest.
The orc priest is lightly wounded.
The orc wizard points at you and mumbles some strange words.
The magic dart hits you!
* * * LOW HITPOINT WARNING * * *
The orc wizard mumbles some strange words.
The orc wizard blinks!
The orc priest calls down the wrath of Beogh upon you.
Beogh smites you!
* * * LOW HITPOINT WARNING * * *
Unknown command.
Casting: Shock (safe; 4% risk of failure)
Confirm with . or Enter, or press ? or * to list all spells.
Aiming: Shock (safe; 4% risk of failure)
Press: ? - help, Shift-Dir - straight line, f - you
Okay, then.
The orc wizard gestures at you while chanting.
The magic dart hits you!
You die... #.####### #......### .. # ..##########.####.#.. .#..#####. .............# #.#.##......... . ############## #.#....###..o..## #o#)#..#####_#### ######## #.#.#..###.ggg.## .......# #.#.#....o.. og..

######.# ##.#§#......# #o
#.<#(# ##### #@.#.########
###.##)# #...# #§##.#
#......# #.#.# #o##)#
#.#.######.#.# #....#
##### #..%.....#.#.#
#..### #....
######.#.#.#.# #..# #.###
.......#.#.#.###..########
#.#
########.#.............>.#
#.#
#...#.##.############.#
#.#


You could see an orc priest (inner flame) and an orc wizard (inner flame).

Vanquished Creatures
  3 orc priests (D:4)
  A worker ant (D:4)
  A gnoll (D:4)
  3 adders
  2 worms
  2 leopard geckos (D:3)
  6 orcs
  2 bats (D:3)
  3 giant cockroaches
  6 goblins
  5 hobgoblins
  3 jackals
  3 kobolds
  3 quokkas
  4 rats
47 creatures vanquished.

Notes
Turn   | Place    | Note
-------+----------+-------------------------------------------
     0 | D:1      | Amnesiac the Mummy Air Elementalist began the quest for the Orb.
     0 | D:1      | Reached XP level 1. HP: 13/13 MP: 4/4
   139 | D:2      | Found an iron altar of Okawaru.
   262 | D:3      | Reached XP level 2. HP: 15/19 MP: 2/5
   538 | D:3      | Noticed an orc warrior
   561 | D:2      | Reached XP level 3. HP: 14/24 MP: 0/7
   604 | D:2      | Learned a level 3 spell: Static Discharge
   731 | D:2      | Reached skill level 1 in Conjurations
  1106 | D:3      | Found a burning altar of Makhleb.
  1518 | D:3      | Learned a level 2 spell: Blink
  1564 | D:3      | Reached XP level 4. HP: 29/30 MP: 5/8
  1861 | D:4      | Reached XP level 5. HP: 35/35 MP: 3/9
  2188 | D:4      | Found a shattered altar of Ashenzari.
  2276 | D:4      | HP: 1/35 [orc priest/divine providence (15)]
  2277 | D:4      | Killed from afar by an orc wizard

Vault maps used:
D:1:      dpeg_arrival_renting, skrybe_limestone_x, grunt_decor_resistance,
          serial_bayou_lagoon_a, patterned_corridor
D:2:      okawaru_ov_weapons_minmay
D:3:      old_standard_altar, portal_sewer_entry_c, minmay_misc_feat_chi
D:4:      grunt_dithmenos_smoke, first_ration, cheibrodos_ashenzari_chains

Skill      XL: |  1  2  3  4 |
---------------+-------------+-----
Air Magic      | 3 |  3.5
Spellcasting   | 3 |  3.4
Conjurations   | 2 3 |  3.4
Dodging        | |  1.5
Stealth        | |  1.5

Action                   |  1- 3 |  4- 6 || total
-------------------------+-------+-------++-------
Melee: Unarmed           |     8 |       ||     8
 Cast: Shock             |    87 |    30 ||   117
       Static Discharge  |       |     2 ||     2
  Use: Scroll            |     2 |     2 ||     4
Armor: Robe              |     3 |     3 ||     6
       Leather armour    |     6 |       ||     6
Dodge: Dodged            |    26 |     9 ||    35

Table legend:
 A = Non-vault XP
 B = Vault XP
 C = Vault XP percentage of total XP
 D = Non-vault monster count
 E = Vault monster count
 F = Vault count percentage of total count
 G = Total turns spent on level
                 A         B        C        D         E       F
            +---------+---------+-------+---------+---------+-------
      Total |     297 |       0 |   0.0 |      47 |       0 |   0.0
            +---------+---------+-------+---------+---------+-------
        D:1 |       4 |       0 |   0.0 |       2 |       0 |   0.0
        D:2 |      28 |       0 |   0.0 |      15 |       0 |   0.0
        D:3 |      71 |       0 |   0.0 |      22 |       0 |   0.0
        D:4 |     194 |       0 |   0.0 |       8 |       0 |   0.0
            +---------+---------+-------+---------+---------+-------
